 Dungeon Crawl Stone Soup version 0.28-a0-1613-gdaab1c2f9b (webtiles) character file.

Game seed: 9413729653269776290

130482 Charly the Nimble (level 17, -2/131 HPs)
             Began as a Gnoll Wanderer on Jan 20, 2022.
             Was a High Priest of Qazlal.
             Slain by an entropy weaver (13 damage)
             ... on level 1 of the Spider Nest on Jan 21, 2022.
             The game lasted 01:47:12 (31398 turns).

Charly the Nimble (Gnoll Wanderer)                 Turns: 31398, Time: 01:47:13

Health: -2/131     AC:  4    Str: 22 (23) XL:     17   Next: 8%
Magic:  0/32       EV: 17    Int:  9      God:    Qazlal [*****.]
Gold:   1456       SH: 14    Dex: 15 (17) Spells: 18/38 levels left

rFire   + . .      SeeInvis .   a - +4 spear "Vis Koob" {vorpal, rPois Will+}
rCold   + . .      Faith    .   d - +0 buckler
rNeg    . . .      Spirit   +   p - +2 ring mail {rC+}
rPois   +          Reflect  .   q - +2 hat of the Bear Spirit {Spirit, *Rage Will++}
rElec   .          Harm     .   c - +1 cloak
rCorr   .          Rampage  .   F - +0 pair of gloves
Will    +++++      Rage     20% m - +0 pair of boots
Stlth   +.........              T - amulet "Saivogef" {RegenMP rF+ Will+ Stlth-}
HPRegen 0.31/turn               l - +6 ring of strength
MPRegen 0.63/turn               K - +4 ring of slaying

@: about to teleport, protected from physical damage, corroded, on berserk
cooldown, slowed, repel missiles, very slow
A: fangs 1, strong nose, distributed training
a: Renounce Religion, Upheaval, Elemental Force, Disaster Area


You were on level 1 of the Spider Nest.
You worshipped Qazlal.
Qazlal was extremely pleased with you.
You visited 5 branches of the dungeon, and saw 25 of its levels.
You also visited: Sewer.

You collected 2454 gold pieces.
You spent 998 gold pieces at shops.

Inventory:

Hand Weapons
 a - the +4 spear "Vis Koob" (weapon) {vorpal, rPois Will+}
   (You found it on level 2 of the Dungeon)

   It inflicts extra damage upon your enemies.
   rPois:     It protects you from poison.
   Will:      It increases your willpower.
 b - a +3 vorpal hunting sling
 k - a +2 war axe of flaming
Missiles
 B - 8 atropa-tipped darts
 E - 9 sling bullets
 J - 5 javelins
 P - 2 silver javelins
 R - 3 curare-tipped darts (quivered)
Armour
 c - a +1 cloak (worn)
 d - a +0 buckler (worn)
 m - a +0 pair of boots (worn)
 p - a +2 ring mail of cold resistance (worn)
 q - the +2 hat of the Bear Spirit (worn) {Spirit, *Rage Will++}
   (You found it on level 3 of the Lair of Beasts)

   Going berserk makes the wearer tougher, and they're slowed less afterward.
   *Rage:     It berserks you when you make melee attacks (+20% chance).
   Will:      It greatly increases your willpower.
 F - a +0 pair of gloves (worn)
Jewellery
 i - a ring of see invisible
 l - a +6 ring of strength (left hand)
 K - a +4 ring of slaying (right hand)
 T - the amulet "Saivogef" (around neck) {RegenMP rF+ Will+ Stlth-}
   (You found it on level 13 of the Dungeon)

   [amulet of magic regeneration]

   It increases your rate of magic regeneration.
   rF:        It protects you from fire.
   Will:      It increases your willpower.
   Stlth:     It makes you less stealthy.
Wands
 e - a wand of charming (22)
 t - a wand of paralysis (7)
 C - a wand of digging (19)
 G - a wand of mindburst (14)
 I - a wand of acid (5)
 M - a wand of polymorph (10)
 O - a wand of flame (16)
 Z - a wand of iceblast (7)
Scrolls
 g - 7 scrolls of enchant weapon
 j - 2 scrolls of blinking
 n - 4 scrolls of vulnerability
 v - 3 scrolls of fear
 w - 2 scrolls of summoning
 y - 4 scrolls of fog
 z - 2 scrolls of enchant armour
 A - a scroll of magic mapping
 Q - 6 scrolls of immolation
 W - a scroll of holy word
 X - 7 scrolls of teleportation
Potions
 f - a potion of might
 h - 4 potions of brilliance
 o - 4 potions of flight
 r - 3 potions of berserk rage
 s - 6 potions of haste
 u - 3 potions of invisibility
 x - a potion of attraction
 D - 9 potions of curing
 H - 4 potions of heal wounds
 L - 3 potions of lignification
 S - 2 potions of resistance
 U - a potion of mutation
 V - 2 potions of ambrosia
Miscellaneous
 N - a condenser vane
 Y - a phantom mirror


   Skills:
 + Level 11.4 Fighting
 + Level 11.4 Short Blades
 + Level 11.4 Long Blades
 + Level 11.4 Axes
 + Level 11.4 Maces & Flails
 + Level 13.0 Polearms
 + Level 11.4 Staves
 + Level 11.4 Slings
 + Level 11.4 Bows
 + Level 11.4 Crossbows
 + Level 12.2 Throwing
 + Level 11.7 Armour
 + Level 13.0 Dodging
 + Level 11.4 Stealth
 + Level 11.4 Shields
 + Level 11.4 Unarmed Combat
 + Level 11.4 Spellcasting
 + Level 9.6 Conjurations
 + Level 9.6 Hexes
 + Level 9.6 Summonings
 + Level 9.6 Necromancy
 + Level 9.6 Translocations
 + Level 9.6 Transmutations
 + Level 9.6 Fire Magic
 + Level 9.6 Ice Magic
 + Level 9.6 Air Magic
 + Level 9.6 Earth Magic
 + Level 9.6 Poison Magic
 + Level 12.3 Invocations
 + Level 11.7 Evocations


You had 18 spell levels left.
You knew the following spells:

 Your Spells              Type           Power      Damage    Failure   Level
a - Ozocubu's Armour      Ice            22%        N/A       1%          3
b - Blink                 Tloc           44%        N/A       1%          2
c - Conjure Flame         Conj/Fire      22%        6-21      1%          3
l - Lesser Beckoning      Tloc           22%        N/A       1%          3
o - Olgreb's Toxic Radia  Pois           22%        N/A       4%          4
p - Passwall              Tmut/Erth      18%        N/A       1%          2
q - Swiftness             Air            22%        N/A       1%          3

Your spell library contained the following spells:

 Spells                   Type           Power      Damage    Failure   Level
 Foxfire                  Conj/Fire      88%        2x1d8     1%          1
 Magic Dart               Conj           88%        1d7       1%          1
 Slow                     Hex            88%        N/A       1%          1
 Ensorcelled Hibernation  Hex/Ice        44%        N/A       1%          2
 Searing Ray              Conj           44%        2d6       1%          2
 Sublimation of Blood     Necr           22%        N/A       1%          2
 Confusing Touch          Hex            22%        N/A       1%          3
 Inner Flame              Hex/Fire       22%        N/A       1%          3
 Vampiric Draining        Necr           22%        2d7       1%          3
 Flame Wave               Conj/Fire      22%        2d7       4%          4
 Fulminant Prism          Conj/Hex       11%        3d9       4%          4
 Petrify                  Tmut/Erth      22%        N/A       4%          4
 Alistair's Intoxication  Tmut/Pois      14%        N/A       12%         5
 Borgnjor's Vile Clutch   Necr/Erth      11%        N/A       12%         5
 Irradiate                Conj/Tmut      11%        3d17      12%         5
 Manifold Assault         Tloc           22%        N/A       12%         5
 Metabolic Englaciation   Hex/Ice        11%        N/A       12%         5
 Conjure Ball Lightning   Conj/Air       11%        3x3d6     54%         6
 Eringya's Noxious Bog    Tmut/Pois      11%        N/A       54%         6
 Simulacrum               Ice/Necr       11%        N/A       54%         6
 Ozocubu's Refrigeration  Ice            11%        4d7       98%         7
 Discord                  Hex            11%        N/A       100%        8
 Disjunction              Tloc           11%        N/A       100%        8
 Ignition                 Fire           11%        3d5       100%        8


Dungeon Overview and Level Annotations

Branches:
Dungeon (15/15)            Temple (1/1) D:6            Lair (6/6) D:10
  Swamp (0/4) Lair:3       Spider (1/4) Lair:4        Slime (0/5) Lair:6
    Orc (2/2) D:11            Elf (0/3) Orc:2        Vaults (0/5) D:13
 Depths (0/4) D:15          Sewer (visited)

Altars:
Ashenzari
Cheibriados
Dithmenos
Elyvilon
Fedhas
Gozag
Hepliaklqana
Kikubaaqudgha
Makhleb
Nemelex Xobeh
Okawaru
Qazlal
Ru
Sif Muna
Trog
Uskayaw
Vehumet
Wu Jian
Xom
Yredelemnul
Zin
The Shining One

Shops:
D:5 :*   D:8 *   Orc:2 ?[*(


Innate Abilities, Weirdness & Mutations

You have very sharp teeth.
Your uncanny sense of smell can sniff out nearby items.
Your experience applies equally to all skills.


Message History

The blast of magma engulfs the culicivora!!
You kill the culicivora!
Qazlal accepts your kill.
The blast of magma engulfs the demonic crawler!!
The demonic crawler partially resists.
You kill the demonic crawler!
Qazlal accepts your kill.
The redback is engulfed in blazing flames.
You kill the redback!
Qazlal accepts your kill. The entropy weaver hits you!
You block the entropy weaver's attack.
The entropy weaver hits you but does no damage.
The entropy weaver barely misses you. You block the entropy weaver's attack.
The entropy weaver hits you.
You feel more protected from physical attacks.
The entropy weaver hits you! The entropy weaver hits you.
You feel your strength returning.
Your condenser vane has recharged.
Okay, then.
That's the wrong kind of item! (Use * to select it.) Evoke which item? (* to show all) (? for menu, Esc to quit)
Okay, then.
Unknown command.
Unknown command.
Okay, then.
Okay, then.
As you read the scroll of teleportation, it crumbles to dust.
You feel strangely unstable.
You hear an angry hiss.
You block the entropy weaver's attack. x2; The entropy weaver hits you!
* * * LOW HITPOINT WARNING * * *
The entropy weaver hits you!
* * * LOW HITPOINT WARNING * * *
The boulder beetle curls into a ball and begins rolling!
A culicivora comes into view.
You block the entropy weaver's attack. The entropy weaver misses you.
The entropy weaver hits you!
* * * LOW HITPOINT WARNING * * *
The entropy weaver hits you!
You die...

.s....†∆
#..≈†#
.∆s†#
##≈s#
####(†.#
∆ ∆
#....<##
∆ #☼°§.†#
##.○.B.#
#.B.@..#
#≈.≈..☼##
#≈..^☼.°#
∆
#####≈..#
.≈.≈#
#....#
...†##
#..###


You could see a boulder beetle (rolling), an entropy weaver, a culicivora and a
jumping spider.

Vanquished Creatures
  Jorgrun (D:12)
  A ghost moth (Lair:4)
  A stone giant (D:15)
  2 entropy weavers (Spider:1)
  Nessos (Lair:4)
  The ghost of Ymidutt the Blocker, a journeyman GnFi of Gozag (Lair:5)
  A spark wasp (Spider:1)
  10 boulder beetles
  9 hydras
  Erolcha (D:11)
  An ogre mage (D:15)
  3 catoblepae (Lair:6)
  7 centaur warriors
  A death knight (D:12)
  A jorogumo (Spider:1)
  24 death yaks
  2 tengu warriors (D:15)
  10 two-headed ogres
  Urug (Lair:3)
  3 orc high priests (Orc:2)
  Sonja (D:12)
  An orb spider (shapeshifter) (D:14)
  A wizard (D:10)
  An orb spider (Spider:1)
  Pikel (D:4)
  2 necromancers (D:13)
  5 wolf spiders
  3 deep elf pyromancers
  A lindwurm (shapeshifter) (D:15)
  6 orc knights
  4 orc sorcerers
  A moth of wrath (Spider:1)
  14 ugly things
  9 cyclopes
  18 elephants
  3 manticores
  Maurice (D:12)
  5 black mambas
  3 centaur zombies
  Joseph (D:7)
  8 cane toads
  2 gargoyles
  7 rime drakes
  3 unseen horrors
  A freezing wraith (D:15)
  7 demonic crawlers
  7 komodo dragons
  A tengu conjurer (D:14)
  A hornet (shapeshifter) (D:14)
  8 trolls
  2 hornets
  5 tarantellas (Spider:1)
  20 blink frogs
  3 polar bears
  14 slime creatures
  5 dream sheep (Lair:6)
  4 culicivoras
  7 jumping spiders (Spider:1)
  A shadow (D:12)
  A hog (shapeshifter) (D:13)
  5 wyverns
  3 wraiths
  16 vampire mosquitoes
  4 basilisks
  51 yaks
  A steam dragon (D:8)
  4 wargs
  15 redbacks
  Edmund (D:5)
  5 acid dragons
  15 water moccasins
  Duvessa (D:5)
  A swamp drake (Lair:3)
  2 ice beasts
  Pargi (Sewer)
  21 orc warriors
  A black bear (D:4)
  5 necrophages
  A sky beast (D:7)
  5 ogres
  21 wolves
  4 lemures
  21 centaurs
  A gnoll sergeant (D:6)
  3 kobold brigands
  14 bullfrogs
  A wyvern zombie (D:5)
  4 scorpions
  6 killer bees (D:10)
  7 wights (D:8)
  2 howler monkeys
  5 electric eels (D:9)
  A jelly (D:11)
  A centaur skeleton (D:7)
  2 hounds
  10 orc priests
  Ijyb (D:5)
  Terence (D:1)
  4 iguanas
  Natasha (thrice) (D:2)
  17 orc wizards
  11 hell rats
  Robin (D:2)
  3 gnolls (D:6)
  6 adders
  4 river rats (D:5)
  A white imp (D:5)
  3 ufetubi
  2 worms (D:5)
  3 dart slugs
  56 orcs
  3 ball pythons
  7 bats
  An endoplasm (D:2)
  3 giant cockroaches
  5 hobgoblins
  21 kobolds
  3 quokkas
  3 frilled lizards
  17 goblins
  6 rats
715 creatures vanquished.

Vanquished Creatures (collateral kills)
  2 death yaks
  A tarantella (Spider:1)
  A yak (Lair:4)
  A redback (Spider:1)
  A water moccasin (Lair:6)
6 creatures vanquished.

Vanquished Creatures (others)
  A jumping spider (Spider:1)
  An orc (Orc:2)
  2 bushes (Lair:4)
  40 fungi
  76 plants
120 creatures vanquished.

Grand Total: 841 creatures vanquished

Notes
Turn   | Place    | Note
-------+----------+-------------------------------------------
     0 | D:1      | Charly the Gnoll Wanderer began the quest for the Orb.
     0 | D:1      | Charly set off with the following items: a +0 trident, a
                  | potion of curing, a +0 cloak, a +0 leather armour
     0 | D:1      | Reached XP level 1. HP: 13/13 MP: 1/1
   135 | D:1      | Found a faded altar of an unknown god.
   386 | D:1      | Reached XP level 2. HP: 19/19 MP: 2/2
   717 | D:2      | Noticed Natasha
   960 | D:2      | Identified the +4 spear "Vis Koob" {vorpal, rPois Will+}
   965 | D:2      | Noticed Terence
  1083 | D:1      | Killed Terence
  1084 | D:1      | Reached skill level 1 in Invocations
  1084 | D:1      | Reached XP level 3. HP: 15/25 MP: 2/4
  1273 | D:2      | Reached skill level 1 in Fighting
  1273 | D:2      | Reached skill level 1 in Short Blades
  1273 | D:2      | Reached skill level 1 in Long Blades
  1273 | D:2      | Reached skill level 1 in Axes
  1273 | D:2      | Reached skill level 1 in Maces & Flails
  1273 | D:2      | Reached skill level 1 in Staves
  1273 | D:2      | Reached skill level 1 in Slings
  1273 | D:2      | Reached skill level 1 in Bows
  1273 | D:2      | Reached skill level 1 in Crossbows
  1273 | D:2      | Reached skill level 1 in Stealth
  1273 | D:2      | Reached skill level 1 in Shields
  1273 | D:2      | Reached skill level 1 in Unarmed Combat
  1273 | D:2      | Reached skill level 1 in Spellcasting
  1732 | D:2      | Reached XP level 4. HP: 32/32 MP: 5/5
  1858 | D:2      | Noticed Robin
  1862 | D:2      | Killed Robin
  1989 | D:2      | Killed Natasha
  1990 | D:2      | Reached skill level 1 in Conjurations
  1990 | D:2      | Reached skill level 1 in Hexes
  1990 | D:2      | Reached skill level 1 in Summonings
  1990 | D:2      | Reached skill level 1 in Necromancy
  1990 | D:2      | Reached skill level 1 in Translocations
  1990 | D:2      | Reached skill level 1 in Transmutations
  1990 | D:2      | Reached skill level 1 in Fire Magic
  1990 | D:2      | Reached skill level 1 in Ice Magic
  1990 | D:2      | Reached skill level 1 in Air Magic
  1990 | D:2      | Reached skill level 1 in Earth Magic
  1990 | D:2      | Reached skill level 1 in Poison Magic
  3121 | D:2      | Noticed Natasha
  3128 | D:2      | Killed Natasha
  3129 | D:2      | Reached XP level 5. HP: 37/37 MP: 5/7
  3264 | D:2      | Noticed Natasha
  3270 | D:2      | Killed Natasha
  3534 | D:3      | Reached XP level 6. HP: 31/44 MP: 8/8
  4095 | D:4      | Reached skill level 5 in Throwing
  4131 | D:4      | Noticed a black bear
  4271 | D:4      | Noticed Pikel
  4389 | D:4      | Noticed a necrophage
  4483 | D:3      | Killed a necrophage
  4484 | D:3      | Reached XP level 7. HP: 49/50 MP: 10/10
  4968 | D:4      | Killed Pikel
  4969 | D:4      | Reached XP level 8. HP: 58/58 MP: 10/12
  5365 | D:5      | Entered Level 5 of the Dungeon
  5440 | D:5      | Found a glowing drain.
  5464 | Sewer    | Entered a sewer
  5492 | Sewer    | Noticed Pargi
  5502 | Sewer    | Killed Pargi
  5773 | D:5      | Noticed Edmund
  6004 | D:5      | Noticed Ijyb
  6030 | D:5      | Killed Ijyb
  6084 | D:5      | Found Ciocuf's General Store.
  6085 | D:5      | Found Emaeh's Specific Store.
  6105 | D:5      | Found Ceruef's Book Emporium.
  6168 | D:5      | Reached XP level 9. HP: 43/65 MP: 14/14
  6207 | D:5      | Bought a scroll of identify for 24 gold pieces
  6211 | D:5      | Bought a scroll of identify for 28 gold pieces
  6371 | D:5      | Killed Edmund
  6533 | D:5      | Noticed Duvessa
  6534 | D:5      | Noticed Dowan
  6560 | D:5      | Killed Duvessa
  6973 | D:5      | Noticed Dowan
  6973 | D:5      | Dowan changed into Dowan the centaur
  6990 | D:5      | Killed Dowan the centaur
  6991 | D:5      | Reached skill level 5 in Armour
  6991 | D:5      | Reached skill level 5 in Evocations
  7005 | D:5      | Bought a wand of mindburst (5) for 126 gold pieces
  7280 | D:6      | Learned a level 2 spell: Blink
  7282 | D:6      | Found a staircase to the Ecumenical Temple.
  7292 | Temple   | Entered the Ecumenical Temple
  7312 | Temple   | Upgraded the game from 0.28-a0-1594-ga885d4b3d6 to
                  | 0.28-a0-1613-gdaab1c2f9b
  7316 | Temple   | Became a worshipper of Qazlal Stormbringer
  7860 | D:7      | Found a bloodstained altar of Trog.
  8026 | D:7      | Reached skill level 5 in Invocations
  8220 | D:7      | Reached XP level 10. HP: 73/73 MP: 17/17
  8330 | D:7      | Noticed Joseph
  8536 | D:7      | Killed Joseph
  8537 | D:7      | Reached skill level 5 in Fighting
  8537 | D:7      | Reached skill level 5 in Short Blades
  8537 | D:7      | Reached skill level 5 in Long Blades
  8537 | D:7      | Reached skill level 5 in Axes
  8537 | D:7      | Reached skill level 5 in Maces & Flails
  8537 | D:7      | Reached skill level 5 in Staves
  8537 | D:7      | Reached skill level 5 in Slings
  8537 | D:7      | Reached skill level 5 in Bows
  8537 | D:7      | Reached skill level 5 in Crossbows
  8537 | D:7      | Reached skill level 5 in Stealth
  8537 | D:7      | Reached skill level 5 in Shields
  8537 | D:7      | Reached skill level 5 in Unarmed Combat
  8537 | D:7      | Reached skill level 5 in Spellcasting
  9109 | D:8      | Found Mihozobe's Overcharged Wands.
  9607 | D:8      | Found a hazy altar of Hepliaklqana.
  9609 | D:8      | Found a shimmering blue altar of Sif Muna.
 10181 | D:8      | Paralysed by a centaur for 6 turns
 10372 | D:8      | Reached * piety under Qazlal
 10569 | D:8      | Noticed a deep elf pyromancer
 10606 | D:8      | Killed a deep elf pyromancer
 11487 | D:9      | Reached XP level 11. HP: 81/81 MP: 19/19
 11513 | D:9      | Noticed a four-headed hydra
 11526 | D:9      | Killed a one-headed hydra
 11852 | D:10     | Entered Level 10 of the Dungeon
 11858 | D:10     | Found a snail-covered altar of Cheibriados.
 11867 | D:10     | Reached skill level 5 in Conjurations
 11867 | D:10     | Reached skill level 5 in Hexes
 11867 | D:10     | Reached skill level 5 in Summonings
 11867 | D:10     | Reached skill level 5 in Necromancy
 11867 | D:10     | Reached skill level 5 in Translocations
 11867 | D:10     | Reached skill level 5 in Transmutations
 11867 | D:10     | Reached skill level 5 in Fire Magic
 11867 | D:10     | Reached skill level 5 in Ice Magic
 11867 | D:10     | Reached skill level 5 in Air Magic
 11867 | D:10     | Reached skill level 5 in Earth Magic
 11867 | D:10     | Reached skill level 5 in Poison Magic
 11870 | D:10     | Noticed a cyclops
 11882 | D:10     | Killed a cyclops
 12034 | D:10     | Found a shadowy altar of Dithmenos.
 12193 | D:10     | Noticed a five-headed hydra
 12216 | D:10     | Killed a one-headed hydra
 12247 | D:10     | Noticed a wizard
 12443 | D:11     | Noticed a boulder beetle
 12461 | D:11     | Killed a boulder beetle
 12594 | D:11     | Noticed a two-headed ogre
 12604 | D:11     | Killed a two-headed ogre
 12672 | D:11     | Noticed a two-headed ogre
 12684 | D:11     | Killed a two-headed ogre
 12712 | D:11     | Reached ** piety under Qazlal
 12727 | D:11     | Found a staircase to the Orcish Mines.
 13567 | D:10     | Found a sparkling altar of Nemelex Xobeh.
 13906 | D:10     | Found a staircase to the Lair.
 13913 | Lair:1   | Entered Level 1 of the Lair of Beasts
 14075 | Lair:1   | Reached XP level 12. HP: 71/89 MP: 22/22
 14183 | Lair:1   | Noticed a four-headed hydra
 14194 | Lair:1   | Killed a four-headed hydra
 14411 | Lair:1   | You fall into a shaft and drop 1 floor!
 15027 | Lair:1   | Found a shimmering altar of Xom.
 15578 | Lair:2   | Reached *** piety under Qazlal
 15852 | Lair:2   | Noticed an eight-headed hydra
 15860 | Lair:2   | Killed an eight-headed hydra
 16343 | Lair:2   | Learned a level 3 spell: Lesser Beckoning
 16347 | Lair:2   | Learned a level 3 spell: Ozocubu's Armour
 16394 | Lair:3   | Noticed Urug
 16427 | Lair:3   | Killed Urug
 16428 | Lair:3   | Reached skill level 10 in Polearms
 16428 | Lair:3   | Reached skill level 10 in Dodging
 16515 | Lair:3   | Noticed an eight-headed hydra
 16800 | Lair:3   | Noticed a death yak
 16803 | Lair:3   | Noticed a death yak
 16808 | Lair:3   | Noticed a death yak
 16811 | Lair:3   | Noticed a death yak
 16817 | Lair:3   | Killed a death yak
 16821 | Lair:3   | Killed a death yak
 16835 | Lair:2   | Killed a death yak
 16836 | Lair:2   | Reached XP level 13. HP: 38/98 MP: 21/24
 17684 | Lair:3   | Learned a level 3 spell: Conjure Flame
 17766 | Lair:3   | Found a staircase to the Swamp.
 17779 | Lair:3   | Learned a level 2 spell: Passwall
 17783 | Lair:3   | Learned a level 3 spell: Swiftness
 17805 | Lair:3   | Found the +2 hat of the Bear Spirit {Spirit, *Rage Will++}
 18232 | Lair:4   | Noticed Nessos
 18241 | Lair:4   | Reached **** piety under Qazlal
 18247 | Lair:4   | Killed Nessos
 18704 | Lair:4   | Found a hole to the Spider Nest.
 18785 | Lair:4   | Identified the +4 arbalest of Vexzis {elec, rPois rN+ Will-
                  | Int+3}
 19924 | Lair:5   | Reached skill level 10 in Throwing
 19928 | Lair:5   | Reached XP level 14. HP: 106/106 MP: 24/26
 20366 | Lair:5   | Found a runed translucent gate.
 20366 | Lair:5   | Found a runed translucent gate.
 20367 | Lair:5   | Found a runed translucent gate.
 20369 | Lair:5   | Noticed Ymidutt's ghost (journeyman GnFi)
 20554 | Lair:5   | Killed Ymidutt's ghost
 20594 | Lair:6   | Entered Level 6 of the Lair of Beasts
 20935 | Lair:5   | Reached skill level 10 in Invocations
 21119 | Lair:6   | Reached ***** piety under Qazlal
 21449 | Lair:6   | Found a staircase to the Slime Pits.
 21723 | Lair:6   | Reached skill level 10 in Armour
 21723 | Lair:6   | Reached skill level 10 in Evocations
 22033 | Lair:6   | Reached XP level 15. HP: 107/115 MP: 26/28
 23036 | D:12     | Noticed Erolcha
 23151 | D:11     | Killed Erolcha
 23277 | D:12     | Reached skill level 10 in Fighting
 23277 | D:12     | Reached skill level 10 in Short Blades
 23277 | D:12     | Reached skill level 10 in Long Blades
 23277 | D:12     | Reached skill level 10 in Axes
 23277 | D:12     | Reached skill level 10 in Maces & Flails
 23277 | D:12     | Reached skill level 10 in Staves
 23277 | D:12     | Reached skill level 10 in Slings
 23277 | D:12     | Reached skill level 10 in Bows
 23277 | D:12     | Reached skill level 10 in Crossbows
 23277 | D:12     | Reached skill level 10 in Stealth
 23277 | D:12     | Reached skill level 10 in Shields
 23277 | D:12     | Reached skill level 10 in Unarmed Combat
 23277 | D:12     | Reached skill level 10 in Spellcasting
 23343 | D:12     | Found an ornate altar of the Wu Jian Council.
 23411 | D:12     | Noticed Jorgrun
 23785 | D:12     | Killed Jorgrun
 24005 | D:12     | Noticed Sonja
 24044 | D:12     | Killed Sonja
 24153 | D:12     | Noticed Maurice
 24164 | D:12     | Killed Maurice
 25081 | D:13     | Found a gate to the Vaults.
 25240 | D:13     | Identified the amulet "Saivogef" {RegenMP rF+ Will+ Stlth-}
 25663 | D:13     | Reached XP level 16. HP: 123/123 MP: 30/30
 25994 | D:13     | Learned a level 4 spell: Olgreb's Toxic Radiance
 26162 | D:14     | Found a shadowy altar of Dithmenos.
 26825 | D:14     | Reached ****** piety under Qazlal
 27291 | D:15     | Entered Level 15 of the Dungeon
 28663 | D:15     | Found a staircase to the Depths.
 28781 | Orc:1    | Entered Level 1 of the Orcish Mines
 29212 | Orc:2    | Entered Level 2 of the Orcish Mines
 29212 | Orc:2    | Found a staircase to the Elven Halls.
 30437 | Orc:2    | Found Yghitoo's Magic Scroll Boutique.
 30437 | Orc:2    | Found Mopseat's Antique Armour Emporium.
 30439 | Orc:2    | Found Nugapp's Assorted Antiques.
 30439 | Orc:2    | Found Jeupsics's Weapon Emporium.
 30453 | Orc:2    | Bought an iridescent hand axe for 208 gold pieces
 30453 | Orc:2    | Identified the +5 hand axe of Imbalance {drain, *Corrode
                  | rC++ Will+ Dex+3} (You bought it in a shop on level 2 of
                  | the Orcish Mines)
 30456 | Orc:2    | Bought a scroll of teleportation for 51 gold pieces
 30456 | Orc:2    | Bought a scroll of teleportation for 51 gold pieces
 30456 | Orc:2    | Bought a scroll of teleportation for 51 gold pieces
 30570 | D:8      | Bought a wand of charming (25) for 459 gold pieces
 30733 | Spider:1 | Entered Level 1 of the Spider Nest
 31386 | Spider:1 | Reached XP level 17. HP: 131/131 MP: 22/32
 31398 | Spider:1 | Slain by an entropy weaver

Illustrated notes

Levels and vault maps discovered:
D:1:      ncdulo_watergridlock, layout_loops_ring,
          chequers_ecumenical_altar_island
D:2:      layout_loops_cross, roderic_serpentine_path, uniq_terence, uniq_robin,
          uniq_natasha
D:3:      layout_basic
D:4:      layout_gridville, kennysheep_generic_room_2, uniq_pikel
D:5:      layout_rooms, lightli_sewer_entry_pipes, serial_shops, shop,
          nicolae_specific_store, roderic_lattice_a, uniq_duvessa, uniq_ijyb,
          uniq_edmund
D:6:      layout_basic, minmay_temple_entry_junction
D:7:      layout_loops_cross, mainiacjoe_overflow_six_doors_small, uniq_joseph
D:8:      minmay_slanted_spiral_squares, layout_layer_cave,
          nicolae_overflow_hidden_temple, nicolae_shop_overcharged_wands
D:9:      wander_river, layout_basic, minivault_22
D:10:     layout_loops_cross, nemelex_spade_bored_becter,
          grunt_temple_overflow_open, lair_entry_dummy, minmay_misc_feat_room,
          minmay_checkerbox
D:11:     layout_stronghold, david_orc_2, nicolae_water_bricks
D:12:     nzn_winding_woodlands_three_and_one
          [nzn_winding_woodlands_5x15_garden,
          nzn_winding_woodlands_5x15_crooked,
          nzn_winding_woodlands_5x15_sidewinder,
          nzn_winding_woodlands_center_garden], layout_cave_pools,
          serial_column_ruins, column_ruins_hut_ruined, column_ruins_hut,
          column_ruins_grid_1, column_ruins_corridor_T,
          column_ruins_open_medium, column_ruins_corridor_water,
          nzn_wu_jian_council_hall, uniq_maurice, uniq_sonja, uniq_jorgrun,
          uniq_erolcha
D:13:     layout_roguey, david_vaults_1, minmay_bent
D:14:     layout_loops_ring, grunt_dithmenos_smoke_and_mirrors
D:15:     grunt_enter_depths_snipers, layout_loops_corners, abandoned_shop
Temple:   lightli_temple_of_artemis
Lair:1:   layout_roguey, basic_altar, lemuel_fruit_tree, grunt_megastairs_4,
          serial_bayou_shore_b, lemuel_fruit_fields, infiniplex_staircase_pool_2
Lair:2:   layout_layer_cave
Lair:3:   layout_roguey, minmay_swamp_entry_reptiles, grunt_megastairs_2,
          uniq_urug
Lair:4:   layout_loops_ring, spider_nest_entry_rubble, lemuel_fruit_fields,
          uniq_nessos
Lair:5:   layout_roguey, ebering_ghost_rock_garden, beast_lair_carwin_1
Lair:6:   evilmike_catoblepas_cave, layout_regular_city, slime_dummy
Spider:1: layout_spider_delve, uniq_roxanne
Orc:1:    layout_caves
Orc:2:    grunt_orc_tribal_feast, layout_caves

Skill      XL: |  1  2  3  4  5  6  7  8  9 10 11 12 13 14 15 16 |
---------------+-------------------------------------------------+-----
Invocations    | 1 2 3 4 5 6 7 8 9 10 11 12 | 12.3
Fighting       | 1 2 3 4 5 6 7 8 9 10 11 | 11.4
Short Blades   | 1 2 3 4 5 6 7 8 9 10 11 | 11.4
Long Blades    | 1 2 3 4 5 6 7 8 9 10 11 | 11.4
Axes           | 1 2 3 4 5 6 7 8 9 10 11 | 11.4
Maces & Flails | 1 2 3 4 5 6 7 8 9 10 11 | 11.4
Staves         | 1 2 3 4 5 6 7 8 9 10 11 | 11.4
Slings         | 1 2 3 4 5 6 7 8 9 10 11 | 11.4
Bows           | 1 2 3 4 5 6 7 8 9 10 11 | 11.4
Crossbows      | 1 2 3 4 5 6 7 8 9 10 11 | 11.4
Stealth        | 1 2 3 4 5 6 7 8 9 10 11 | 11.4
Shields        | 1 2 3 4 5 6 7 8 9 10 11 | 11.4
Unarmed Combat | 1 2 3 4 5 6 7 8 9 10 11 | 11.4
Spellcasting   | 1 2 3 4 5 6 7 8 9 10 11 | 11.4
Conjurations   | 1 2 3 4 5 6 7 8 9 |  9.6
Hexes          | 1 2 3 4 5 6 7 8 9 |  9.6
Summonings     | 1 2 3 4 5 6 7 8 9 |  9.6
Necromancy     | 1 2 3 4 5 6 7 8 9 |  9.6
Translocations | 1 2 3 4 5 6 7 8 9 |  9.6
Transmutations | 1 2 3 4 5 6 7 8 9 |  9.6
Fire Magic     | 1 2 3 4 5 6 7 8 9 |  9.6
Ice Magic      | 1 2 3 4 5 6 7 8 9 |  9.6
Air Magic      | 1 2 3 4 5 6 7 8 9 |  9.6
Earth Magic    | 1 2 3 4 5 6 7 8 9 |  9.6
Poison Magic   | 1 2 3 4 5 6 7 8 9 |  9.6
Armour         | 3 4 5 6 7 8 9 10 11 | 11.7
Evocations     | 3 4 5 6 7 8 9 10 11 | 11.7
Throwing       | 5 6 7 8 9 10 11 12 | 12.2
Polearms       | 7 8 9 10 11 12 13 | 13.0
Dodging        | 7 8 9 10 11 12 13 | 13.0

Action                   |  1- 3 |  4- 6 |  7- 9 | 10-12 | 13-15 | 16-18 || total
-------------------------+-------+-------+-------+-------+-------+-------++-------
Melee: Trident           |    37 |       |       |       |       |       ||    37
       Spear             |    30 |   152 |   365 |   371 |   769 |   540 ||  2227
       Bite              |     5 |     4 |    32 |    49 |   132 |    89 ||   311
       Unarmed           |       |       |     2 |       |       |       ||     2
       Hand axe          |       |       |       |    14 |       |       ||    14
       War axe           |       |       |       |       |    98 |    51 ||   149
 Fire: Hunting sling     |       |       |       |   271 |   340 |    69 ||   680
Throw: Dart              |       |     7 |    31 |    13 |    12 |     4 ||    67
       Throwing net      |       |       |       |       |     1 |       ||     1
 Cast: Ozocubu's Armour  |       |       |       |     1 |     2 |       ||     3
       Blink             |       |       |       |       |       |     2 ||     2
Invok: Elemental Force   |       |       |       |     1 |     3 |       ||     4
       Upheaval          |       |       |       |       |     2 |       ||     2
       Disaster Area     |       |       |       |       |       |     4 ||     4
Evoke: Wand              |       |       |     3 |    13 |     7 |     5 ||    28
       Condenser vane    |       |       |       |     1 |     2 |     2 ||     5
  Use: Scroll            |     3 |       |     6 |    10 |     3 |     6 ||    28
       Potion            |       |       |       |       |       |     1 ||     1
 Stab: Sleeping          |       |       |     8 |     1 |       |       ||     9
       Invisible         |       |       |       |     3 |       |       ||     3
       Paralysed         |       |       |       |     2 |     6 |     5 ||    13
       Held in net/web   |       |       |       |       |     2 |       ||     2
       Distracted        |       |       |       |       |     1 |       ||     1
Armor: Scale mail        |    10 |    31 |     4 |       |       |       ||    45
       Ring mail         |       |       |    76 |    91 |   125 |    96 ||   388
       Skin              |       |       |     3 |       |       |       ||     3
Dodge: Dodged            |    21 |    40 |   132 |   163 |   244 |   168 ||   768
       Repelled          |       |       |       |       |     7 |     1 ||     8
Block: Buckler           |     4 |    15 |    56 |   112 |   270 |   231 ||   688

Table legend: (Time is in decaauts)
 A = Elapsed time spent in this place.
 B = Non-inter-level travel time spent in this place.
 C = Inter-level travel time spent in this place.
 D = Time resting spent in this place.
 E = Time spent auto-exploring this place.
 F = Levels seen in this place.
 G = Mean time per level.
                   A        B        C        D        E       F      G
               +--------+--------+--------+--------+--------+-----+--------+
         Total |  30787 |  29054 |   1733 |   2915 |  20422 |  26 | 1184.1 |
       Dungeon |  19455 |  18357 |   1098 |   1576 |  13109 |  15 | 1297.0 |
        Temple |     38 |     25 |     13 |      0 |      0 |   1 |   38.0 |
          Lair |   9387 |   8849 |    538 |   1336 |   5949 |   6 | 1564.5 |
   Spider Nest |     49 |     49 |      0 |      0 |      0 |   1 |   49.0 |
  Orcish Mines |   1672 |   1589 |     83 |      3 |   1226 |   2 |  836.0 |
         Sewer |    184 |    184 |      0 |      0 |    136 |   1 |  184.0 |
               +--------+--------+--------+--------+--------+-----+--------+

Top non-repeatable levels by time:
     D:2: 2311 daAuts
     D:8: 2088 daAuts
  Lair:2: 1938 daAuts
  Lair:6: 1786 daAuts
  Lair:4: 1769 daAuts
    D:11: 1619 daAuts
  Lair:5: 1483 daAuts
     D:4: 1454 daAuts
    D:15: 1359 daAuts
    D:12: 1297 daAuts
  Lair:3: 1290 daAuts
     D:5: 1279 daAuts
    D:13: 1261 daAuts
   Orc:2: 1256 daAuts
    D:10: 1141 daAuts
